 Dungeon Crawl Stone Soup version 0.31-a0-986-g5e6e4ef867 (webtiles) character file.

Game seed: 11665836741805352365

25 jestert79 the Insei (level 3, -2/27 HPs)
             Began as a Djinni Shapeshifter on Nov 5, 2023.
             Was a Follower of Uskayaw.
             Slain by an orc priest
             ... wielding a +0 flail
              (8 damage)
             ... on level 2 of the Dungeon.
             The game lasted 00:02:58 (1290 turns).

jestert79 the Insei (Djinni Shapeshifter)           Turns: 1290, Time: 00:02:59

Health: -2/27      AC:  2    Str: 13    XL:     3   Next: 17%
Gold:   90         EV: 12    Int: 11    God:    Uskayaw [*.....] SH:  0 Dex: 14

rFire   + +          .
                       - Unarmed
rCold   x . .        (no shield)
rNeg    . . .        a - +0 animal skin
rPois   ∞            (helmet currently unavailable)
rElec   .            (cloak currently unavailable)
rCorr   .            (gloves currently unavailable)
SInv    +            (boots unavailable)
Will    .....        (no amulet)
Stlth   +            k - ring of see invisible
HPRegen 0.24/turn    (no ring)
MPRegen 0.00/turn

%: infuse magic (-3 HP)
@: mighty, beast-form, flying
A: beast (slay +1), flying, sickness immunity, fire resistance 2, cold
vulnerability 1, float, innate caster, HP casting, extra vitality 1
a: Begin Untransformation, Renounce Religion, Stomp


You were on level 2 of the Dungeon.
You worshipped Uskayaw.
Uskayaw was noncommittal.
You were a hulking beast.
You visited 1 branch of the dungeon, and saw 2 of its levels.

You collected 90 gold pieces.

Inventory:

Missiles
 g - 6 curare-tipped darts
Armour
 a - a +0 animal skin (worn)
 f - a +1 pair of gloves
Jewellery
 k - a ring of see invisible (left hand)
 l - a +6 ring of intelligence
Talismans
 c - a beast talisman
 d - a flux talisman
Scrolls
 h - a scroll of enchant armour {unknown}
 m - a scroll of immolation {unknown}
Potions
 b - a potion of lignification
 i - a potion of ambrosia {unknown}
 j - 3 potions of heal wounds {unknown}


   Skills:
 - Level 1.0 Fighting
 - Level 2.1 Dodging
 * Level 3.7 Unarmed Combat
 + Level 3.0 Shapeshifting


You knew the following spells:

 Your Spells              Type           Power      Damage    Failure   Level
a - Shock                 Conj/Air       0%         1d3       34%         1
Your spell library was empty.

Dungeon Overview and Level Annotations

Branches:
Dungeon (2/15)

Altars:
Uskayaw


Innate Abilities, Weirdness & Mutations

You are a hulking beast.
Your limbs bulge with bestial killing power. (Slay +1)
You are flying.
You are immune to sickness and miasma.
You are immune to poison.
Your flesh is very heat resistant. (rF++)
You are vulnerable to cold. (rC-)
You float through the air rather than walking.
You learn spells naturally, not from books.
Your magical power is your life essence.
You have superior vitality. (+4 MHP)


Message History

The endoplasm moves out of view.
The endoplasm freezes you.
You are frozen.
You feel a terrible chill! The endoplasm misses you. The endoplasm freezes you.
You are frozen.
You feel a terrible chill!
The endoplasm attacks as it pursues you!
The endoplasm misses you.
The endoplasm attacks as it pursues you!
The endoplasm hits you.
The endoplasm attacks as it pursues you!
The endoplasm hits you but does no damage.
The endoplasm attacks as it pursues you!
The endoplasm hits you.
The orc priest calls down the wrath of Beogh upon you.
Beogh smites you!
* * * LOW HITPOINT WARNING * * *
The endoplasm attacks as it pursues you!
The endoplasm barely misses you.
The endoplasm attacks as it pursues you!
The endoplasm hits you.
* * * LOW HITPOINT WARNING * * *
Okay, then.
Unknown command.
You hit the endoplasm.
The endoplasm is severely wounded.
Unknown command.
You punch the endoplasm!
You kill the endoplasm!
Unknown command.
It was a potion of might.
You feel very mighty all of a sudden.
You barely miss the orc priest.
The orc priest mumbles some strange prayers to Beogh against you.
Pain shoots through your body!
* * * LOW HITPOINT WARNING * * *
You punch the orc priest!
The orc priest is heavily wounded.
The orc priest hits you with a +0 flail!
You die...

##.#########.#
#.#########.#
#..........o#
#.########..# #.# #..#
#.# #..# .. #..#
###########..#########
#^.......hoo.........#
#.#########.########.#
#.# #.# #.# #.# #.#
#.# #.# #.# #.# #.#
#.# #.# #.###.#####.#
#.# #...........# #.#
#####.#.##### #.# #
#....############.#


You could see an orc priest and an orc.

Vanquished Creatures
  A dart slug (D:1)
  2 ball pythons (D:1)
  5 endoplasms
  A goblin (D:2)
  2 hobgoblins (D:2)
  4 bats
  A frilled lizard (D:2)
  A kobold (D:1)
  5 rats
22 creatures vanquished.

Notes
Turn   | Place    | Note
-------+----------+-------------------------------------------
     0 | D:1      | jestert79 the Djinni Shapeshifter began the quest for the
                  | Orb.
     0 | D:1      | Reached XP level 1. HP: 17/17 MP: 0/0
   406 | D:1      | Found a faded altar of an unknown god.
   430 | D:1      | Prayed at the altar of an unknown god.
   430 | D:1      | Became a worshipper of Uskayaw the Reveller
   430 | D:1      | Reached * piety under Uskayaw
   446 | D:1      | Reached ** piety under Uskayaw
   447 | D:1      | Reached XP level 2. HP: 19/22 MP: 0/0
  1145 | D:2      | Reached XP level 3. HP: 26/27 MP: 0/0
  1145 | D:2      | Learned a level 1 spell: Shock
  1290 | D:2      | Slain by an orc priest

Illustrated notes

Levels and vault maps discovered:
D:1:      heliophobic_arrival_ceremonial_halls, layout_loops_ring,
          hellmonk_ecumenical_altar_crossroads, grunt_decor_clamped
D:2:      layout_loops_ring, basic_altar, minivault_4, corner_web_ring,
          lemuel_flame_loot_1

Skill      XL: |  1  2 |
---------------+-------+-----
Shapeshifting  | 3 |  3.0
Fighting       | |  1.0
Dodging        | |  2.1
Unarmed Combat | |  3.7

Action                     || total
---------------------------++-------
  Melee: Unarmed           ||    68
         Punch             ||     1
    Use: Potion            ||     1
   Stab: Sleeping          ||     1
 Armour: Animal skin       ||    33
  Dodge: Dodged            ||    41

Table legend: (Time is in decaauts)
 A = Elapsed time spent in this place.
 B = Non-inter-level travel time spent in this place.
 C = Inter-level travel time spent in this place.
 D = Time resting spent in this place.
 E = Time spent auto-exploring this place.
 F = Levels seen in this place.
 G = Mean time per level.
                   A        B        C        D        E       F      G
               +--------+--------+--------+--------+--------+-----+--------+
         Total |   1285 |   1216 |     69 |     61 |    917 |   2 |  642.5 |
       Dungeon |   1285 |   1216 |     69 |     61 |    917 |   2 |  642.5 |
               +--------+--------+--------+--------+--------+-----+--------+

Top non-repeatable levels by time:
     D:1: 957 daAuts
     D:2: 328 daAuts
